 Dungeon Crawl Stone Soup version 0.28-a0-861-ge64d6db94f (webtiles) character file.

Game seed: 14260942353015956012

30733 vurker the Eclecticist (level 13, -2/78 HPs)
             Began as a Deep Elf Air Elementalist on Nov 15, 2021.
             Was a Believer of Vehumet.
             Killed from afar by a swamp worm (10 damage)
             ... with a harpoon shot
             ... on level 4 of the Lair of Beasts.
             The game lasted 00:26:08 (25925 turns).

vurker the Eclecticist (Deep Elf Air Elementalist) Turns: 25925, Time: 00:26:09

Health: -2/78      AC: 11    Str:  5    XL:     13   Next: 22%
Magic:  8/36       EV: 12    Int: 26    God:    Vehumet [**....]
Gold:   963        SH:  5    Dex: 15    Spells: 42/47 levels left

rFire   . . .      SeeInvis .   r - +1 dagger (venom)
rCold   . . .      Faith    .   m - +0 buckler
rNeg    . . .      Spirit   .   C - +1 robe {Will+}
rPois   +          Reflect  .   (no helmet)
rElec   .          Harm     .   z - +1 cloak {Stlth+}
rCorr   .          Rampage  .   e - +0 pair of gloves
Will    ++...                   a - +0 pair of boots {Fly}
Stlth   +++.......              x - amulet of the acrobat
HPRegen 0.23/turn               q - ring of poison resistance
MPRegen 0.25/turn               f - +4 ring of protection

@: flying
A: no striking features
a: Renounce Religion


You were on level 4 of the Lair of Beasts.
You worshipped Vehumet.
Vehumet was pleased with you.
You visited 3 branches of the dungeon, and saw 17 of its levels.
You also visited: Ossuary.

You collected 1043 gold pieces.
You spent 80 gold pieces at shops.

Inventory:

Hand Weapons
 r - a +1 dagger of venom (weapon)
   (You took it off an orc on level 4 of the Dungeon)
Armour
 a - a +0 pair of boots of flying (worn)
   (You acquired it on level 10 of the Dungeon)
 b - +0 acid dragon scales
   (You found it on level 10 of the Dungeon)
 e - a +0 pair of gloves (worn)
   (You found it on level 1 of the Dungeon)
 m - a +0 buckler (worn)
   (You found it on level 2 of the Dungeon)
 o - the +1 robe of Untruth {Will+}
   (You found it on level 3 of the Lair of Beasts)

   Will:      It increases your willpower.
 z - a +1 cloak of stealth (worn)
   (You found it on level 8 of the Dungeon)
 C - a +1 robe of willpower (worn)
   (You took it off a wight on level 10 of the Dungeon)
Magical Staves
 w - a staff of fire
   (You found it on level 7 of the Dungeon)
Jewellery
 f - a +4 ring of protection (right hand)
   (You found it on level 5 of the Dungeon)
 q - a ring of poison resistance (left hand)
   (You found it on level 3 of the Dungeon)
 x - an amulet of the acrobat (around neck)
   (You took it off a centaur on level 8 of the Dungeon)
Wands
 d - a wand of iceblast (10)
   (You found it on level 6 of the Dungeon)
 k - a wand of polymorph (6)
   (You took it off Jessica on level 2 of the Dungeon)
 t - a wand of flame (22)
   (You found it on level 1 of the Lair of Beasts)
Scrolls
 h - 6 scrolls of teleportation
 j - 2 scrolls of fear
 p - 2 scrolls of blinking
 s - 3 scrolls of immolation
 D - a scroll of fog
 E - a scroll of enchant armour
 H - a scroll of magic mapping
Potions
 c - 6 potions of heal wounds
 g - 4 potions of resistance
 i - 4 potions of mutation
 l - 2 potions of invisibility
 n - 2 potions of haste
 u - a potion of ambrosia {unknown}
 v - 2 potions of flight
 A - a potion of lignification
 B - a potion of attraction {unknown}
 G - 5 potions of curing


   Skills:
 + Level 8.2 Fighting
 - Level 2.4 Dodging
 - Level 2.4 Stealth
 - Level 4.0 Shields
 * Level 17.8 Spellcasting
 - Level 5.0 Conjurations
 * Level 14.1 Air Magic


You had 42 spell levels left.
You knew the following spells:

 Your Spells              Type           Power      Damage    Failure   Level
a - Shock                 Conj/Air       100%       1d9       1%          1
c - Airstrike             Air            38%        N/A       1%          4

Your spell library contained the following spells:

 Spells                   Type           Power      Damage    Failure   Level
 Sandblast                Erth           46%        2d11      1%          1
 Sting                    Tmut/Pois      92%        1d7       1%          1
 Poisonous Vapours        Pois/Air       100%       N/A       1%          2
 Static Discharge         Conj/Air       64%        N/A       1%          2
 Swiftness                Air            77%        N/A       1%          3
 Fulminant Prism          Conj/Hex       18%        3d11      8%          4
 Iskenderun's Mystic Bla  Conj/Tloc      36%        2d9       8%          4
 Olgreb's Toxic Radiance  Pois           23%        N/A       21%         4
 Alistair's Intoxication  Tmut/Pois      15%        N/A       50%         5
 Borgnjor's Vile Clutch   Necr/Erth      11%        N/A       50%         5
 Lee's Rapid Deconstruct  Erth           11%        3d9*      50%         5
 Eringya's Noxious Bog    Tmut/Pois      11%        N/A       97%         6


Dungeon Overview and Level Annotations

Branches:
Dungeon (12/15)            Temple (1/1) D:7            Lair (4/6) D:8
 Spider (0/4) Lair:2          Orc (0/2) D:9         Ossuary (visited)
  Swamp: Lair:2-4    Shoals: Lair:2-4

Altars:
Ashenzari
Cheibriados
Dithmenos
Elyvilon
Fedhas
Gozag
Hepliaklqana
Kikubaaqudgha
Makhleb
Nemelex Xobeh
Okawaru
Qazlal
Ru
Sif Muna
Trog
Uskayaw
Vehumet
Wu Jian
Xom
Yredelemnul
Zin
The Shining One

Shops:
D:11 !*(


Message History

The zap hits the iguana.
You kill the iguana!
Vehumet accepts your kill.
You feel your power returning.
The zap hits the swamp worm. x2
The zap hits the iguana!
You kill the iguana!
Vehumet accepts your kill.
Aim: a swamp worm (lightly wounded, empty space bonus: 2/8)
The air twists around and strikes the swamp worm!
The swamp worm barely misses you.
Aim: a four-headed hydra (heavily wounded, 91% to hit)
The zap misses the swamp worm.
The zap hits the four-headed hydra.
The swamp worm closely misses you.
The swamp worm bites you but does no damage.
The zap hits the swamp worm.
The zap hits the four-headed hydra! x2
The swamp worm bites you! x2
* * * LOW HITPOINT WARNING * * *
Okay, then.
The swamp worm misses you.
The swamp worm fires a harpoon shot at you.
The harpoon shot misses you.
Aim: a swamp worm (lightly wounded, 67% to hit)
The zap misses the swamp worm.
The zap hits the four-headed hydra!
The swamp worm fires a harpoon shot at you.
You block the harpoon shot.
The swamp worm fires a harpoon shot at you.
The harpoon shot hits you!
* * * LOW HITPOINT WARNING * * *
You are yanked forward by the harpoon shot.
The swamp worm fires a harpoon shot at you.
The harpoon shot misses you.
Aim: a swamp worm (lightly wounded)
The mass of ice explodes!
The iceblast engulfs the swamp worm!
The iceblast engulfs the four-headed hydra!
Aim: a four-headed hydra (almost dead)
The mass of ice explodes!
The iceblast engulfs the four-headed hydra!
You kill the four-headed hydra!
Vehumet accepts your kill.
You feel your power returning.
The iceblast engulfs the swamp worm!
The swamp worm bites you but does no damage.
The zap hits the swamp worm.
The zap misses the swamp worm.
The swamp worm bites you!
* * * LOW HITPOINT WARNING * * *
The zap misses the swamp worm.
The zap hits the swamp worm!
You kill the swamp worm!
Vehumet accepts your kill.
The swamp worm fires a harpoon shot at you.
The harpoon shot hits you!
You die...

###.....#P.#..#.
#.#.................
#..................
#.............<....
#..................
#...#w#####.....#..
#..w#.## #....#.##
#.#.#.†####.....#..
##..##.@..........+
#..†.#...##......##
♣#.†.#♣#.##.....## ..
♣♣..♣ ♣♣♣♣♣.....##...
♣...≈≈≈≈≈≈♣....#.#.#
♣♣≈≈≈≈≈≈≈≈♣........####
♣♣≈≈≈≈≈≈≈♣♣...........
...≈≈≈≈♣♣............
♣...♣♣♣♣.............


You could see a swamp worm.

Vanquished Creatures
  7 hydras
  5 death yaks
  3 two-headed ogres
  A goliath frog (D:10)
  A wizard (D:9)
  An orb spider (Lair:2)
  An orc sorcerer (D:8)
  A manticore (D:11)
  4 black mambas
  4 cane toads (Lair:1)
  Psyche (D:9)
  10 komodo dragons
  A rime drake (Lair:1)
  2 trolls
  2 polar bears
  25 yaks
  2 wyverns
  3 shadows (D:9)
  5 basilisks
  2 acid dragons
  10 water moccasins
  A swamp worm (Lair:4)
  6 orc warriors
  2 black bears
  A sky beast (D:6)
  4 necrophages (D:10)
  5 ogres
  10 wolves
  9 centaurs
  4 kobold brigands
  4 bullfrogs
  2 scorpions
  A wyvern skeleton (D:7)
  3 troll zombies (D:9)
  9 killer bees
  6 wights (D:10)
  3 howler monkeys (D:10)
  7 electric eels
  8 centaur zombies
  A bullfrog zombie (D:5)
  3 jellies
  A bullfrog skeleton (D:4)
  2 centaur skeletons
  5 orc priests (D:9)
  A gnoll shaman (D:8)
  12 hounds
  Jessica (D:2)
  3 iguanas
  A human zombie (Ossuary)
  8 orc wizards
  3 ogre zombies (D:9)
  4 mummies
  8 gnolls
  9 adders
  A shadow imp (D:3)
  A white imp (D:8)
  2 adder skeletons (D:4)
  4 worms
  2 dart slugs (D:3)
  20 orcs
  4 ball pythons
  6 bats
  11 endoplasms
  8 giant cockroaches
  11 goblins
  5 hobgoblins
  5 jackals
  5 quokkas
  7 frilled lizards
  6 goblin zombies (D:9)
  14 hobgoblin zombies
  3 jackal zombies (Ossuary)
  25 kobolds
  7 kobold zombies (Ossuary)
  4 orc skeletons (D:9)
  15 orc zombies
  8 rats
  3 rat zombies (Ossuary)
  A bush (D:5)
416 creatures vanquished.

Vanquished Creatures (others)
  23 fungi
  48 plants
71 creatures vanquished.

Grand Total: 487 creatures vanquished

Notes
Turn   | Place    | Note
-------+----------+-------------------------------------------
     0 | D:1      | vurker the Deep Elf Air Elementalist began the quest for
                  | the Orb.
     0 | D:1      | Reached XP level 1. HP: 10/10 MP: 6/6
   393 | D:1      | Reached XP level 2. HP: 15/15 MP: 4/8
  1185 | D:1      | Reached XP level 3. HP: 20/20 MP: 7/10
  1702 | D:2      | Reached skill level 1 in Fighting
  1770 | D:2      | Found a faded altar of an unknown god.
  1783 | D:2      | Noticed Jessica
  1790 | D:2      | Killed Jessica
  1791 | D:2      | Reached skill level 4 in Spellcasting
  1791 | D:2      | Reached XP level 4. HP: 25/25 MP: 3/12
  2298 | D:2      | Noticed an ogre
  2683 | D:2      | Killed an ogre
  2684 | D:2      | Reached skill level 5 in Spellcasting
  2684 | D:2      | Reached XP level 5. HP: 29/29 MP: 6/14
  2809 | D:2      | Learned a level 4 spell: Airstrike
  3200 | D:3      | Reached XP level 6. HP: 35/35 MP: 10/16
  4483 | D:4      | Noticed a water moccasin
  4499 | D:4      | Killed a water moccasin
  4500 | D:4      | Reached skill level 1 in Shields
  4500 | D:4      | Reached skill level 6 in Spellcasting
  4500 | D:4      | Reached skill level 5 in Air Magic
  4828 | D:4      | Reached XP level 7. HP: 40/40 MP: 15/18
  4840 | D:4      | Found a sand-covered staircase.
  4847 | Ossuary  | Entered an ossuary
  6337 | D:5      | Entered Level 5 of the Dungeon
  6631 | D:5      | Found a hazy altar of Hepliaklqana.
  6654 | D:5      | Reached skill level 7 in Spellcasting
  6752 | D:5      | Reached XP level 8. HP: 28/45 MP: 14/21
  7339 | D:5      | Found a broken altar of Ashenzari.
  7816 | D:6      | Reached skill level 8 in Spellcasting
  8767 | D:7      | Found a staircase to the Ecumenical Temple.
  8777 | Temple   | Entered the Ecumenical Temple
  9148 | D:7      | Reached XP level 9. HP: 32/51 MP: 12/23
  9352 | D:7      | Reached skill level 9 in Spellcasting
  9529 | D:7      | Reached skill level 5 in Conjurations
 10855 | D:8      | Reached skill level 10 in Spellcasting
 11472 | D:8      | Noticed an orc sorcerer
 11480 | D:8      | Killed an orc sorcerer
 11481 | D:8      | Reached skill level 11 in Spellcasting
 11481 | D:8      | Reached XP level 10. HP: 58/58 MP: 14/27
 12193 | D:8      | Found a staircase to the Lair.
 12384 | D:8      | Reached skill level 5 in Fighting
 12854 | D:9      | Noticed a two-headed ogre
 12862 | D:9      | Killed a two-headed ogre
 12863 | D:9      | Reached skill level 12 in Spellcasting
 13348 | D:9      | Noticed Psyche
 13351 | D:9      | Killed Psyche
 13534 | D:9      | Found a staircase to the Orcish Mines.
 13554 | D:9      | Reached skill level 10 in Air Magic
 13821 | D:9      | Found a shadowy altar of Dithmenos.
 14505 | D:9      | You fall into a shaft and drop 2 floors!
 14505 | D:11     | Found Emotixkel's Weapon Shoppe.
 14524 | D:11     | Found Hobusk's General Store.
 14668 | D:11     | Reached skill level 13 in Spellcasting
 14782 | D:10     | Entered Level 10 of the Dungeon
 14782 | D:10     | Found an ornate altar of the Wu Jian Council.
 14782 | D:10     | Found a snail-covered altar of Cheibriados.
 14782 | D:10     | Found a radiant altar of Vehumet.
 14790 | D:10     | Became a worshipper of Vehumet
 14963 | D:9      | Noticed a wizard
 14967 | D:9      | Killed a wizard
 14968 | D:9      | Reached XP level 11. HP: 64/64 MP: 13/30
 16614 | D:10     | Noticed a two-headed ogre
 16618 | D:10     | Killed a two-headed ogre
 16694 | D:10     | Identified a scroll of acquirement
 16694 | D:10     | Acquired a +0 pair of boots of flying
 16747 | D:10     | Reached skill level 14 in Spellcasting
 16750 | D:10     | Noticed a boulder beetle
 17151 | D:10     | Noticed a goliath frog
 17151 | D:10     | a boulder beetle changed into a goliath frog
 17161 | D:10     | Killed a goliath frog
 17790 | D:10     | Reached * piety under Vehumet
 17790 | D:10     | Offered knowledge of Magic Dart by Vehumet.
 18088 | D:11     | Found Lowkal Orio's Distillery.
 18091 | D:11     | Bought a potion of heal wounds for 80 gold pieces
 18603 | D:12     | Noticed a two-headed ogre
 18606 | D:12     | Killed a two-headed ogre
 18681 | Lair:1   | Entered Level 1 of the Lair of Beasts
 18974 | D:8      | Reached skill level 15 in Spellcasting
 19365 | Lair:1   | Identified the +3 scale mail of Xastufra {Rampage Str+4}
 19439 | Lair:1   | Reached XP level 12. HP: 64/71 MP: 1/33
 20360 | Lair:1   | Noticed a six-headed hydra
 20365 | Lair:1   | Killed a six-headed hydra
 21085 | Lair:2   | Noticed an eight-headed hydra
 21511 | Lair:1   | Killed an eight-headed hydra
 21648 | Lair:2   | Reached skill level 16 in Spellcasting
 21846 | Lair:2   | Noticed a six-headed hydra
 21853 | Lair:2   | Killed a six-headed hydra
 22407 | Lair:2   | Found a hole to the Spider Nest.
 23150 | Lair:2   | Noticed an eight-headed hydra
 23156 | Lair:2   | Killed an eight-headed hydra
 23685 | Lair:3   | Reached ** piety under Vehumet
 23685 | Lair:3   | Offered knowledge of Sandblast by Vehumet.
 23719 | Lair:2   | Reached skill level 17 in Spellcasting
 24202 | Lair:3   | Noticed a seven-headed hydra
 24208 | Lair:3   | Killed a seven-headed hydra
 24662 | Lair:3   | Reached XP level 13. HP: 78/78 MP: 23/36
 24719 | Lair:3   | Identified the +1 robe of Untruth {Will+}
 25925 | Lair:4   | Killed from afar by a swamp worm

Illustrated notes

Levels and vault maps discovered:
D:1:      matt_arrival_spirals, layout_basic, lexackson_kobold_supper
D:2:      layout_loops_ring, shapermc_ecumenical_altar_notcrosses,
          minmay_joined_circles, uniq_jessica
D:3:      layout_basic, glass_columns_b, hangedman_feature_mirror
D:4:      layout_loops_ring, gup_ossuary_entry_pyramid,
          kennysheep_generic_room_6
D:5:      layout_basic, ashenzari_altar_1, mainiacjoe_overflow_alcove_4,
          kb_lookout_dungeons_type
D:6:      layout_loops_cross
D:7:      nicolae_cairo_tiling_large_dashed, layout_basic,
          minmay_temple_entry_mist, minivault_14
D:8:      cheibrodos_wizards_tower, layout_basic, erik_lair_island
D:9:      layout_irregular_city, nicolae_dithmenos_the_darkroom,
          zombieorc1_lemuel, uniq_psyche
D:10:     layout_loops_ring, chequers_temple_overflow_statue_of_worship,
          serial_undead, serial_undead_a, serial_undead_d, serial_undead_a,
          serial_undead_b, nrook_mini_vaults
D:11:     layout_stronghold, serial_shops, nicolae_shop_hallway_plus, shop,
          kennysheep_mini_moat, serial_rivers, chequers_serial_rivers_small_a,
          chequers_serial_rivers_small_a, chequers_serial_rivers_small_b,
          chequers_serial_rivers_small_3, chequers_serial_rivers_micro_a,
          chequers_serial_rivers_micro_b
D:12:     layout_basic, serial_shops, shop_fountains,
          nicolae_trove_entry_crossroad, minivault_16
Temple:   eino_temple_rhombus
Lair:1:   layout_loops_ring, beast_lair_carwin_6, grunt_megastairs_4
Lair:2:   layout_loops_ring, nicolae_spider_entry_orb_guardian,
          serial_bayou_shore_a
Lair:3:   layout_cave_pods, infiniplex_staircase_pool_2, lemuel_fruit_tree,
          lemuel_fruit_fields
Lair:4:   cheibrodos_lair_river_kwai, layout_regular_city,
          palyth_hydra_swamp_entry, st_stairs_11

Skill      XL: |  1  2  3  4  5  6  7  8  9 10 11 12 13 |
---------------+----------------------------------------+-----
Fighting       | 1 2 3 4 5 6 8 |  8.2
Spellcasting   | 4 5 6 7 8 11 13 15 17 | 17.8
Conjurations   | 2 3 4 5 |  5.0
Air Magic      | 4 5 7 8 10 12 13 14 | 14.1
Shields        | 1 2 4 |  4.0
Dodging        | |  2.4
Stealth        | |  2.4

Action                   |  1- 3 |  4- 6 |  7- 9 | 10-12 | 13-15 || total
-------------------------+-------+-------+-------+-------+-------++-------
Melee: Dagger            |       |     2 |    61 |    15 |       ||    78
 Cast: Shock             |    90 |   159 |   282 |    49 |    13 ||   593
       Airstrike         |       |       |    53 |   435 |    52 ||   540
Evoke: Wand              |       |       |       |     8 |     2 ||    10
  Use: Scroll            |       |       |    10 |    12 |       ||    22
       Potion            |       |       |       |     1 |       ||     1
Armor: Robe              |     5 |     5 |    39 |    62 |    11 ||   122
Dodge: Dodged            |     7 |    16 |    86 |   123 |    22 ||   254
Block: Buckler           |       |     4 |    28 |    44 |    10 ||    86

Table legend: (Time is in decaauts)
 A = Elapsed time spent in this place.
 B = Non-inter-level travel time spent in this place.
 C = Inter-level travel time spent in this place.
 D = Time resting spent in this place.
 E = Time spent auto-exploring this place.
 F = Levels seen in this place.
 G = Mean time per level.
                   A        B        C        D        E       F      G
               +--------+--------+--------+--------+--------+-----+--------+
         Total |  25963 |  25285 |    678 |   1839 |  20363 |  18 | 1442.4 |
       Dungeon |  18596 |  18046 |    550 |   1054 |  14993 |  12 | 1549.7 |
        Temple |    166 |    149 |     17 |      0 |    137 |   1 |  166.0 |
          Lair |   6377 |   6267 |    110 |    785 |   4676 |   4 | 1594.2 |
       Ossuary |    822 |    822 |      0 |      0 |    557 |   1 |  822.0 |
               +--------+--------+--------+--------+--------+-----+--------+

Top non-repeatable levels by time:
     D:9: 2967 daAuts
     D:8: 2877 daAuts
  Lair:2: 2525 daAuts
  Lair:1: 2210 daAuts
    D:10: 1999 daAuts
     D:7: 1632 daAuts
  Lair:3: 1557 daAuts
     D:1: 1514 daAuts
     D:5: 1437 daAuts
     D:2: 1358 daAuts
     D:4: 1353 daAuts
     D:3: 1308 daAuts
     D:6: 1153 daAuts
    D:11: 985 daAuts
 Ossuary: 822 daAuts
